[Event "Late-Titled-Tuesday-Blitz-September-26-2023"]
[Site "Chess.com"]
[Date "2023.09.26"]
[Round "11"]
[White "Bilan_Danila"]
[Black "HamedWafa4"]
[Result "1-0"]
[WhiteElo "2527"]
[BlackElo "2624"]
[TimeControl "180+1"]
[EndTime "16:00:51 PDT"]
[Termination "Bilan_Danila won on time"]

1. d4 Nf6 2. Nf3 c5 3. e3 d5 4.
c3 Nc6 5. Bd3 g6 6. Ne5 Nxe5 7.
dxe5 Ng4 8. f4 h5 9. a4 Bg7 10. Bb5+ Kf8 11. O-O h4 12. Be2 Nh6 13. Nd2 h3 14. g3 Nf5 15. Nf3 b6 16. Qc2 Bb7 17. g4 Nh4 18. Ng5 Rc8 19. Bd2 d4 20. e4 c4 21.
cxd4 Qxd4+ 22. Rf2 Bh6 23. Bc3 Qc5 24. Nxh3 e6 25. Rd1 Ke7 26. Bd4 Qc6 27. f5 Rhd8 28. f6+ Kf8 29. g5 Rd7 30. gxh6 Kg8 31. h7+ Kh8 32. Ng5 Rcd8 33. Bc3 1-0

[Event "Late-Titled-Tuesday-Blitz-September-26-2023"]
[Site "Chess.com"]
[Date "2023.09.26"]
[Round "11"]
[White "Korchmar_Vasiliy"]
[Black "reevecanada"]
[Result "0-1"]
[WhiteElo "2691"]
[BlackElo "2557"]
[TimeControl "180+1"]
[EndTime "16:00:52 PDT"]
[Termination "reevecanada won on time"]

1. e4 c5 2. d4 cxd4 3. Qxd4 Nc6 4.
Qd3 g6 5. Nc3 Bg7 6. Nf3 d6 7. Be2 Nf6 8. O-O Nd7 9. Bg5 O-O 10.
Qe3 Nde5 11. Nxe5 Bxe5 12. Rad1 Qa5 13. Nd5 Re8 14. c3 Be6 15. f4 Bg7 16. f5 gxf5 17. Bh6 Ne5 18. b4 Qxa2 19. Rd2 Qb3 20. Bxg7 Kxg7 21.
Nc7 fxe4 22. Rd4 Rec8 23. Nxa8 Rxa8 24. Rxe4 Rc8 25. Rxe5 dxe5 26. Qxe5+ f6 27. Qg3+ Kh8 28. Qe3 Rxc3 29. Qxa7 Qxb4 30. Bf3 Rc7 31. Qb8+ Rc8 32. Qg3 Qc5+ 33. Kh1 b5 34. Re1 Qd6 35. Qxd6 exd6 36. h3 Bg8 37. Re7 b4 38. Rb7 b3 39. Kh2 Rc2 40. Rb8 Rd2 41. Bg4 Kg7 42. Bf5 Bd5 43. Rd8 Rxg2+ 44. Kh1 Rg5+ 0-1

[Event "Late-Titled-Tuesday-Blitz-September-26-2023"]
[Site "Chess.com"]
[Date "2023.09.26"]
[Round "11"]
[White "Polish_fighter3000"]
[Black "jcibarra"]
[Result "1-0"]
[WhiteElo "3090"]
[BlackElo "2957"]
[TimeControl "180+1"]
[EndTime "16:00:53 PDT"]
[Termination "Polish_fighter3000 won by checkmate"]

1. e4 Nc6 2. Nf3 d6 3. d4 Nf6 4. d5 Nb8 5. Bd3 g6 6. c4 Bg7 7. h3 O-O 8. Nc3 e5 9. g4 a5 10. Be3 Na6 11. Nd2 Nd7 12. h4 Ndc5 13. Be2 f5 14. g5 c6 15. a3 Bd7 16. h5 Rf7 17.
Qc2 a4 18. O-O-O f4 19. Bxc5 Nxc5 20. Rdg1 Bf8 21. Kb1 Be7 22. Qd1 f3 23. Nxf3 Qb6 24.
hxg6 hxg6 25. Rh6 Rg7 26. Nh4 Be8 27. dxc6 bxc6 28. Nd5 Qd8 29. Nf5 Bxg5 30. f4 Bxh6 31. Nxh6+ Kf8 32. fxe5 cxd5 33. Qf1+ Bf7 34. Rxg6 Ra7 35.
Rxd6 Qg5 36. Nf5 Nxe4 37. Rb6 Bg6 38. Rb8+ Kf7 39. Nxg7+ Kxg7 40. Qf8+ Kh7 41. Qh8# 1-0

[Event "Late-Titled-Tuesday-Blitz-September-26-2023"]
[Site "Chess.com"]
[Date "2023.09.26"]
[Round "11"]
[White "krzyzan94"]
[Black "RIPOL"]
[Result "1-0"]
[WhiteElo "2776"]
[BlackElo "2429"]
[TimeControl "180+1"]
[EndTime "16:00:53 PDT"]
[Termination "krzyzan94 won by checkmate"]

1. e4 Nf6 2. Nc3 d5 3. e5 Nfd7 4.
f4 e6 5. Nf3 c5 6. d4 Nc6 7. Be3 Be7 8. Qd2 O-O 9. a3 b6 10. Bd3 f5 11. exf6 Nxf6 12. O-O Bd6 13. Kh1 a6 14. Ne5 Qc7 15. Nxc6 Qxc6 16. Be2 Bd7 17.
Bf3 c4 18. Bf2 Be8 19. Bh4 Bg6 20. Rae1 Rae8 21. Rf2 Kh8 22. Rfe2 Qc8 23. Bxf6 Rxf6 24. g3 b5 25. Bg4 Bf7 26. Kg1 Qc6 27. Na2 Bf8 28.
h4 Qb6 29. Kh2 a5 30. Nc3 b4 31. Nxd5 exd5 32. Rxe8 Bxe8 33. Rxe8 bxa3 34. bxa3 Qb1 35. Be6 Qb2 36. Bxd5 c3 37. Qe2 Qxa3 38. Bc4 Qc1 39. Bd3 Qd2 40. Kh3 Qc1 41. Qe4 h6 42. Qh7# 1-0

[Event "Late-Titled-Tuesday-Blitz-September-26-2023"]
[Site "Chess.com"]
[Date "2023.09.26"]
[Round "11"]
[White "victormago"]
[Black "traack"]
[Result "1/2-1/2"]
[WhiteElo "2487"]
[BlackElo "2394"]
[TimeControl "180+1"]
[EndTime "16:00:55 PDT"]
[Termination "Game drawn - insufficient material"]

1. d4 Nf6 2. c4 c5 3. d5 b5 4.
cxb5 a6 5. bxa6 g6 6. Nc3 Bg7 7. Nf3 O-O 8. g3 Bxa6 9. Bg2 d6 10. O-O Ne8 11. Qc2 Nc7 12. Rd1 Nb5 13. Nxb5 Bxb5 14. e4 Na6 15. Bd2 Nb4 16. Bxb4 cxb4 17. Nd4 Ba4 18.
b3 Bd7 19. Rac1 Qb6 20. Nc6 Bxc6 21. dxc6 Rfc8 22. e5 Bxe5 23. Qe2 Rc7 24. Kh1 Bc3 25.
h4 h5 26. Rc2 Rd8 27. g4 hxg4 28. Qxg4 Rxc6 29. Bxc6 Qxc6+ 30. Kg1 Qc5 31. Rd3 Kg7 32. a3 Rb8 33. Qf3 Qe5 34. axb4 Bxb4 35. Re2 Qa1+ 36. Kg2 e6 37. Re4 Bc5 38. Rf4 Qa7 39. h5 Rg8 40.
hxg6 fxg6 41. b4 e5 42. Rg4 Rf8 43. Qe4 Rxf2+ 44. Kg3 Qf7 45. bxc5 Rf1 46. Qxg6+ Qxg6 47. Rxg6+ Kxg6 48. cxd6 Rf8 49. d7 Rd8 50. Kf3 Kf6 51.
Ke4 Ke6 52. Rd5 Rxd7 53. Rxd7 Kxd7 54. Kxe5 1/2-1/2

[Event "Late-Titled-Tuesday-Blitz-September-26-2023"]
[Site "Chess.com"]
[Date "2023.09.26"]
[Round "11"]
[White "sergeikim"]
[Black "DonkyDonkyDonkey"]
[Result "0-1"]
[WhiteElo "2618"]
[BlackElo "2754"]
[TimeControl "180+1"]
[EndTime "16:00:56 PDT"]
[Termination "DonkyDonkyDonkey won by checkmate"]

1. d4 Nf6 2. c4 g6 3. Nc3 d5 4. cxd5 Nxd5 5. e4 Nxc3 6. bxc3 Bg7 7. Bc4 O-O 8. Ne2 c5 9. O-O Nc6 10. Be3 b6 11. Qd2 Bb7 12. Rad1 Qc7 13. Bb3 Rad8 14. d5 Na5 15. Bh6 Ba6 16. Bxg7 Kxg7 17. Rfe1 e6 18. c4 Kg8 19. Qc3 exd5 20. cxd5 Rfe8 21.
Ng3 c4 22. Bc2 Qc5 23. Qf6 Rd6 24. Qg5 f6 25. Qf4 c3 26. h4 Nc4 27. h5 Ne5 28.
Qh4 Bc8 29. Re3 g5 30. Qh2 Ng4 31. Qh1 Nxe3 32. fxe3 Qxe3+ 33. Kh2 Qf4 34. Qe1 f5 35. Qxc3 Qh4+ 36. Kg1 f4 37. Nf1 Qxh5 38. e5 Rh6 39. e6 g4 40. Rd3 Ba6 41. d6 Bxd3 42. Qxd3 Qc5+ 43. Ne3 fxe3 44. Qe2 Qxd6 45. Bb3 Qh2+ 46. Kf1 Qh1# 0-1

[Event "Late-Titled-Tuesday-Blitz-September-26-2023"]
[Site "Chess.com"]
[Date "2023.09.26"]
[Round "11"]
[White "MaxLeto"]
[Black "ljm509"]
[Result "0-1"]
[WhiteElo "2492"]
[BlackElo "2366"]
[TimeControl "180+1"]
[EndTime "16:00:56 PDT"]
[Termination "ljm509 won by checkmate"]

1. d4 Nf6 2. Bf4 d5 3. e3 e6 4. c3 Bd6 5. Nf3 c5 6. Ne5 O-O 7. Nd2 Bxe5 8. dxe5 Ne4 9. Bd3 Nxd2 10. Qxd2 Nc6 11.
O-O-O Qc7 12. Qe2 b5 13. h4 c4 14. Bb1 b4 15. Qc2 g6 16. h5 b3 17. axb3 cxb3 18.
Qxb3 Na5 19. Qc2 Rb8 20. hxg6 Nb3+ 21. Qxb3 Rxb3 22. gxh7+ Kh8 23. Rh6 f6 24. Rxf6 Rxf6 25. exf6 e5 26. Bh6 Rxc3+ 27. bxc3 Qxc3+ 28. Bc2 Bf5 29. e4 Bxe4 30. Bg7+ Kxh7 31. Rh1+ Kg6 32. Rh6+ Kf7 33. Kd1 Bxc2+ 34. Ke2 Bd3+ 35. Kf3 Bf1+ 36. Kg4 Qd4+ 37. Kg5 Qf4+ 38. Kh5 Bxg2 39. Rh8 Bf3# 0-1

[Event "Late-Titled-Tuesday-Blitz-September-26-2023"]
[Site "Chess.com"]
[Date "2023.09.26"]
[Round "11"]
[White "DrCeltic"]
[Black "Pedrada88"]
[Result "0-1"]
[WhiteElo "2448"]
[BlackElo "2559"]
[TimeControl "180+1"]
[EndTime "16:00:59 PDT"]
[Termination "Pedrada88 won by checkmate"]

1. e4 e5 2. Nf3 Nc6 3. Bb5 a6 4. Ba4 d6 5. c3 Nf6 6. d4 Bd7 7. O-O g6 8. Bg5 Bg7 9. dxe5 Nxe5 10.
Nxe5 dxe5 11. Bxd7+ Qxd7 12. Qf3 Qg4 13. Qxg4 Nxg4 14.
f3 h6 15. Bh4 Ne3 16. Rf2 g5 17. Bg3 O-O-O 18. Na3 Rd3 19. Re1 Rhd8 20. Rfe2 Nd1 21. Nc4 f6 22. h4 Bf8 23. a4 Bc5+ 24. Kh2 b5 25. axb5 axb5 26. Na5 R8d6 27. Kh3 Bb6 28. Nb3 c5 29. Kg4 c4 30. Na1 Ne3+ 31. Kh5 Kd7 32.
Kxh6 gxh4 33. Bxh4 Ke6 34. Kg6 Rd8 35. Bf2 Rg8+ 36.
Kh7 Rxg2 37. Bxe3 Rxe2 38. Rxe2 Bxe3 39. Nc2 Bc1 40. Nb4 Rxf3 41. Nd5 Rg3 42. Rf2 Bg5 43. Nc7+ Kf7 44. Nxb5 Rh3# 0-1

[Event "Late-Titled-Tuesday-Blitz-September-26-2023"]
[Site "Chess.com"]
[Date "2023.09.26"]
[Round "11"]
[White "GMBenjaminBok"]
[Black "OparinGrigoriy"]
[Result "0-1"]
[WhiteElo "2957"]
[BlackElo "2988"]
[TimeControl "180+1"]
[EndTime "16:01:00 PDT"]
[Termination "OparinGrigoriy won on time"]

1. d4 Nf6 2. c4 e6 3. Nc3 Bb4 4. Qc2 d5 5. a3 Bxc3+ 6. Qxc3 dxc4 7. Qxc4 b6 8. Nf3 Ba6 9. Qa4+ Qd7 10. Qc2 O-O 11. Bg5 c5 12. Bxf6 gxf6 13. dxc5 Rc8 14. Rd1 Qc6 15. e3 Bxf1 16. Kxf1 Nd7 17. Nd4 Qxc5 18.
Qxc5 Nxc5 19. Ke2 f5 20. f3 Kg7 21. Rd2 Kf6 22. Rc2 e5 23. Nb5 Nb3 24. Nc7 Rab8 25.
Rd1 Rd8 26. Nd5+ Kg7 27. Rc3 Nc5 28. b4 Ne6 29. g3 Rbc8 30. Rxc8 Rxc8 31. Ne7 Rc2+ 32.
Rd2 Rc1 33. Nxf5+ Kf6 34. Nd6 Ra1 35. Nb5 a6 36. Nc3 b5 37. Ra2 Rh1 38. h4 Ke7 39. Kd3 f5 40. Nd5+ Kd6 41. e4 Nd4 42. Ne3 Ke6 43.
Nxf5 Nxf5 44. exf5+ Kxf5 45. Ke3 h5 46. Rd2 Ra1 47. Rd3 Ra2 48. Rc3 Rg2 49. Rc6 Rxg3 50. Rxa6 e4 51. Ra5 Rxf3+ 52. Ke2 Kf4 53. Rxb5 Rxa3 54.
Rxh5 Ra2+ 55. Kd1 Ke3 56. b5 Kd3 57. Kc1 e3 58. Rd5+ Ke4 59. Rd8 e2 60. Re8+ Kd3 61. b6 Ra1+ 62. Kb2 e1=Q 63. Rxe1 Rxe1 64. b7 Re8 0-1

[Event "Late-Titled-Tuesday-Blitz-September-26-2023"]
[Site "Chess.com"]
[Date "2023.09.26"]
[Round "11"]
[White "RonArtest77"]
[Black "bylavochka"]
[Result "1-0"]
[WhiteElo "2507"]
[BlackElo "2338"]
[TimeControl "180+1"]
[EndTime "16:01:02 PDT"]
[Termination "RonArtest77 won on time"]

1. d4 Nf6 2. Bg5 g6 3. Bxf6 exf6 4. e3 Bg7 5. g3 O-O 6. Bg2 c6 7. Ne2 d5 8. O-O Re8 9. Nd2 Nd7 10. Rc1 Nb6 11. b3 Bf5 12. c4 Qd7 13. Nf4 dxc4 14.
bxc4 Bg4 15. Bf3 Bxf3 16. Qxf3 Rad8 17. Rb1 f5 18. c5 Na4 19. Nc4 Nc3 20. Rb3 Ne4 21.
Rfb1 Rb8 22. Qe2 Qc7 23. Qb2 b6 24. cxb6 axb6 25. Rxb6 Rxb6 26. Qxb6 Qxb6 27. Rxb6 c5 28. d5 Nc3 29. d6 Rd8 30. Nd3 Bf8 31. Nxc5 Nxa2 32. Nb7 Rd7 33. Ne5 Rxb7 34. Rxb7 Bxd6 35. Nxf7 Bf8 36. Nd8 Nb4 37. Ne6 Bd6 38. Rd7 Be5 39.
Ng5 h6 40. Nf7 Bg7 41. Nd6 Nc6 42. Rc7 Ne5 43. Kg2 Bf8 44. Ne8 Nf7 45. Nf6+ Kg7 46. Nd7 Kg8 47. Ra7 Ng5 48. Nf6+ Kh8 49. h4 Bg7 50. Ra8+ Bf8 51. hxg5 Kg7 52. gxh6+ Kxf6 53. Rxf8+ 1-0

[Event "Late-Titled-Tuesday-Blitz-September-26-2023"]
[Site "Chess.com"]
[Date "2023.09.26"]
[Round "11"]
[White "Kostukov_Alex"]
[Black "ritanovikova"]
[Result "1-0"]
[WhiteElo "2400"]
[BlackElo "2189"]
[TimeControl "180+1"]
[EndTime "16:01:05 PDT"]
[Termination "Kostukov_Alex won on time"]

1. g3 e5 2. Bg2 Nf6 3. c4 c6 4. Nf3 Qc7 5. O-O d5 6. cxd5 cxd5 7. d4 e4 8. Ne5 Nc6 9. Nxc6 Qxc6 10. Bg5 Be7 11. Nc3 h6 12. Bxf6 Bxf6 13. e3 O-O 14. f3 exf3 15. Qxf3 Be6 16. Nxd5 Bxd5 17. Qxd5 Qe8 18. Be4 Bg5 19. Rae1 Rb8 20. h4 Be7 21. h5 Qc8 22. Bg6 Bf6 23. Rxf6 gxf6 24. Bf5 Qc7 25. Qf3 Qd6 26. Bd3 Kh8 27.
Kg2 Rg8 28. Rh1 Rg5 29. Rh3 Rbg8 30. Kf2 a6 31. Qe4 f5 32. Qf3 Qe6 33. b3 a5 34.
Bc4 Qe7 35. Qf4 Qf6 36. a4 b6 37. Qc7 Qg7 38. Qxf7 Rxg3 39. Qxg7+ R3xg7 40. Bxg8 Rxg8 41. Rg3 Rc8 42. Rg6 Rc2+ 43. Kf3 Rc3 44. Rxh6+ Kg7 45. Rxb6 1-0

[Event "Late-Titled-Tuesday-Blitz-September-26-2023"]
[Site "Chess.com"]
[Date "2023.09.26"]
[Round "11"]
[White "vanyakuba"]
[Black "AlexandraBotez"]
[Result "1-0"]
[WhiteElo "2378"]
[BlackElo "2245"]
[TimeControl "180+1"]
[EndTime "16:01:05 PDT"]
[Termination "vanyakuba won by resignation"]

1. e4 e6 2. d4 d5 3. exd5 exd5 4. Nf3 Bd6 5. c4 c6 6. Bd3 Ne7 7. O-O h6 8. h3 Be6 9. c5 Bc7 10. b4 Qd7 11. Ne5 Bxe5 12. dxe5 a5 13. b5 cxb5 14. Nc3 b4 15. Nb5 O-O 16. Nd6 Nf5 17.
Qh5 Nxd6 18. cxd6 Nc6 19. f4 Nd4 20. f5 Bxf5 21. Bxf5 Nxf5 22. Qxf5 Qb5 23. Bxh6 Qc5+ 24. Kh1 gxh6 25. Rf4 Kh8 26. Qf6+ Kh7 27. Qf5+ Kh8 28. Rg4 Rg8 29. Qf6+ Kh7 30. Qxf7+ Kh8 31. Qf6+ Kh7 32.
Qf5+ Kh8 33. Rf1 Qe3 34. Qf6+ Kh7 35. Qf5+ Kh8 36. e6 Rae8 37. e7 Qe4 38. Qf6+ Kh7 39. Qf7+ Kh8 40. Rxg8+ Rxg8 41. Qxg8+ Kxg8 42. Rf8+ Kg7 43. e8=Q Qxe8 44. Rxe8 d4 45. d7 d3 46. d8=Q b3 47.
axb3 d2 48. Qxd2 a4 49. Qd7+ Kg6 50. Re6+ Kg5 51. Qd5+ Kh4 52. Re4+ 1-0

[Event "Late-Titled-Tuesday-Blitz-September-26-2023"]
[Site "Chess.com"]
[Date "2023.09.26"]
[Round "11"]
[White "Rainbow2014"]
[Black "Dacean99"]
[Result "0-1"]
[WhiteElo "2436"]
[BlackElo "2549"]
[TimeControl "180+1"]
[EndTime "16:01:06 PDT"]
[Termination "Dacean99 won on time"]

1. e4 d6 2. d4 Nf6 3. Nc3 g6 4. f4 Bg7 5. Nf3 O-O 6. Bd3 c5 7. d5 b5 8. Bxb5 Nxe4 9. Nxe4 Qa5+ 10. Nc3 Bxc3+ 11. bxc3 Qxb5 12. Nd2 Bf5 13. c4 Qa5 14.
O-O Qc3 15. Nb3 Bxc2 16. Qd2 Qxd2 17. Bxd2 Nd7 18. Na5 Nb6 19. Rfc1 Bd3 20. Rc3 Bf5 21. Nc6 Rfe8 22. Re1 Kf8 23. h3 h5 24. Kf2 Bd7 25.
Na5 Rab8 26. Kf3 Na4 27. Rc2 Rb2 28. Rec1 Reb8 29. g4 hxg4+ 30. hxg4 Rxc2 31. Rxc2 Rb2 32. Rxb2 Nxb2 33. Bc3 Na4 34. Bd2 Nb6 35. Be1 Ke8 36. Bh4 Ba4 37. Ke3 Bd1 38. g5 Bc2 39. Be1 Bb1 40.
a3 Kd7 41. Kd2 Bf5 42. Kc3 Bg4 43. Nc6 a6 44. Nb8+ Kc8 45. Nc6 e6 46. dxe6 Bxe6 47.
Na5 Kc7 48. Bg3 Bf5 49. Nb3 Na4+ 50. Kd2 Be6 51. Kd3 Nb2+ 52. Kc3 Nxc4 53. Nc1 Nxa3 54.
Nb3 Nb5+ 55. Kb2 c4 56. Na5 c3+ 57. Kc1 Bf5 58. Bf2 d5 59. Nb3 Kd6 60. Nd4 Nxd4 61.
Bxd4 c2 62. Kb2 Kc6 63. Be3 Kb5 64. Kc3 a5 65. Kb3 a4+ 66. Kc3 a3 67. Kb3 a2 68.
Kxa2 Kc4 69. Kb2 d4 70. Bd2 Kd3 71. Kc1 Ke2 72. Ba5 Kf2 73. Kd2 Kf3 74. Bc7 Be4 75. Be5 d3 76. Bc7 Bf5 77. Bd6 Ke4 78. Bc7 Kd5 79.
Bb8 Kc4 80. Be5 Kb3 81. Kc1 Ka2 82. Bd4 d2+ 83. Kxd2 Kb1 0-1

[Event "Late-Titled-Tuesday-Blitz-September-26-2023"]
[Site "Chess.com"]
[Date "2023.09.26"]
[Round "11"]
[White "DeArron_Fox"]
[Black "NotFischer"]
[Result "1-0"]
[WhiteElo "2486"]
[BlackElo "2276"]
[TimeControl "180+1"]
[EndTime "16:01:06 PDT"]
[Termination "DeArron_Fox won on time"]

1. d4 g6 2. c4 Bg7 3. Nc3 d6 4. e4 Nc6 5. Nge2 e5 6. Be3 Nf6 7. f3 O-O 8. Qd2 exd4 9. Nxd4 Nxd4 10. Bxd4 c6 11. O-O-O Qa5 12. Kb1 Be6 13. h4 b5 14.
Bxf6 Bxf6 15. Nd5 Qxd2 16. Nxf6+ Kg7 17. Rxd2 Kxf6 18. Rxd6 Rfd8 19. c5 Rxd6 20. cxd6 Rd8 21. f4 Bg4 22. Bd3 Ke6 23. e5 f6 24. Re1 fxe5 25.
fxe5 Rf8 26. Bc2 Rf2 27. Bb3+ Kd7 28. e6+ Bxe6 29. Rxe6 Rf1+ 30. Kc2 Rf2+ 31. Kc3 Rxg2 32. Re7+ Kxd6 33. Rxh7 c5 34. Rg7 Rg3+ 35. Kc2 Rg2+ 36. Kc1 Rg1+ 37. Bd1 Ke5 38. h5 g5 39. h6 Kf6 40. Rxa7 Rh1 41. h7 g4 42. Kd2 g3 43.
Ra6+ Kg5 44. Ra3 Kf4 45. Rf3+ Kg4 46. Rf1+ Kg5 47. Rxh1 1-0

[Event "Late-Titled-Tuesday-Blitz-September-26-2023"]
[Site "Chess.com"]
[Date "2023.09.26"]
[Round "11"]
[White "amanmuhammethommadov"]
[Black "KaydenTroffChess"]
[Result "0-1"]
[WhiteElo "2604"]
[BlackElo "2762"]
[TimeControl "180+1"]
[EndTime "16:01:09 PDT"]
[Termination "KaydenTroffChess won by resignation"]

1. e4 c5 2. Nf3 g6 3. c3 Bg7 4. d4 cxd4 5. cxd4 d5 6. Bb5+ Bd7 7.
Bxd7+ Qxd7 8. exd5 Nf6 9. Nc3 Nxd5 10. O-O Nc6 11. Qb3 Nb6 12. d5 Ne5 13. Nxe5 Bxe5 14. Re1 Bg7 15. Bg5 O-O 16. Rxe7 Qf5 17. Bd2 Bd4 18.
Rf1 Rac8 19. Nb5 Bc5 20. Rxb7 Rfe8 21. d6 Re2 22. Be3 Bxe3 23. fxe3 Rxg2+ 24. Kxg2 Rc2+ 25. Qxc2 Qxc2+ 26. Kg1 Qc6 27. Rfxf7 Qxb5 28. Rg7+ Kh8 29. Rxh7+ Kg8 30. Rhg7+ Kh8 31. Rh7+ Kg8 32. Rbg7+ Kf8 33. Rf7+ Kg8 34. Rhg7+ Kh8 35. Rxg6 Qxb2 36. Rh6+ Kg8 37.
Rhh7 Qc1+ 38. Kg2 Qd2+ 39. Kg1 Qxe3+ 40. Kf1 Qd3+ 41. Kg1 Qd4+ 42. Kh1 Qd5+ 43. Kg1 Qd4+ 44. Kh1 Qd5+ 45. Kg1 Qxf7 46. d7 Qg6+ 47. Kh1 Nxd7 48.
Rxd7 Qc6+ 49. Kg1 Qxd7 50. Kf2 Qf7+ 0-1

[Event "Late-Titled-Tuesday-Blitz-September-26-2023"]
[Site "Chess.com"]
[Date "2023.09.26"]
[Round "11"]
[White "vova-79"]
[Black "rdarruda"]
[Result "1-0"]
[WhiteElo "2609"]
[BlackElo "2475"]
[TimeControl "180+1"]
[EndTime "16:01:09 PDT"]
[Termination "vova-79 won by resignation"]

1. d4 Nf6 2. c4 e5 3. dxe5 Ne4 4. Nd2 Nc5 5. Ngf3 Nc6 6. g3 d6 7. exd6 Qxd6 8. Bg2 Be7 9. O-O Bf5 10. e4 Nxe4 11.
Nxe4 Qxd1 12. Rxd1 Bxe4 13. Re1 f5 14. Bf4 O-O-O 15. Ne5 Bxg2 16. Kxg2 Nxe5 17. Bxe5 Bf6 18. Bxf6 gxf6 19. Rad1 Rxd1 20. Rxd1 Re8 21. Kf3 Re5 22. Rd5 c6 23. Rxe5 fxe5 24. g4 fxg4+ 25. Kxg4 Kd7 26. Kg5 Ke6 27. Kh6 Kf5 28. Kxh7 Kg4 29. Kg6 e4 30. h4 Kf3 31. h5 Kxf2 32. h6 e3 33. h7 e2 34. h8=Q e1=Q 35. Qf6+ Ke2 36. Qe7+ Kd2 37.
Qxb7 Qb1+ 38. Kf6 Qxa2 39. Qxc6 Qxb2+ 40. Ke6 Qb6 41. Kd5 Kc3 42. c5 Qb3+ 43. Kd6 a5 44. Qf3+ Kb4 45. Qe4+ Kc3 46. Qe5+ Kd2 47. c6 a4 48. c7 Qd3+ 49. Qd5 Qxd5+ 50. Kxd5 a3 51. c8=Q a2 52. Qa6 1-0

[Event "Late-Titled-Tuesday-Blitz-September-26-2023"]
[Site "Chess.com"]
[Date "2023.09.26"]
[Round "11"]
[White "Garmendiarov"]
[Black "RebecaJimnz"]
[Result "1-0"]
[WhiteElo "2315"]
[BlackElo "2198"]
[TimeControl "180+1"]
[EndTime "16:01:09 PDT"]
[Termination "Garmendiarov won by resignation"]

1. e4 g6 2. d4 Bg7 3. Nc3 d6 4. f4 Nf6 5. Nf3 a6 6. a4 b6 7. Bd3 Bb7 8. O-O Nbd7 9. e5 dxe5 10. fxe5 Nd5 11. e6 fxe6 12. Ng5 Bxd4+ 13. Kh1 Ne5 14.
Nxe6 Nxc3 15. bxc3 Bxg2+ 16. Kxg2 Qd5+ 17. Kg3 Qxe6 18. cxd4 Nxd3 19. Qxd3 O-O-O 20. Qxa6+ Kb8 21. Rb1 Rxd4 22. Bf4 Rxf4 23. Rxf4 g5 24. Rf3 Qd6+ 25. Kg2 Qd2+ 26.
Kg3 Qd6+ 27. Kg2 Qc6 28. Qb5 Qxc2+ 29. Rf2 Qe4+ 30. Kg1 Rd8 31. Re2 Qd4+ 32. Rf2 Rf8 33. Rf1 Rd8 34. a5 Rd6 35. axb6 Rxb6 36. Qe8+ Kb7 37.
Qxe7 g4 38. Qf7 h5 39. Qf4 Qd5 40. Qg3 Rg6 41. Qg2 c6 42. Qxd5 cxd5 43. Rf7+ Kc6 44. R1f6+ Rxf6 45. Rxf6+ Kc5 46. Rf5 Kc4 47. Rxh5 d4 48.
Rg5 Kc3 49. Rxg4 d3 50. Rg3 Kc2 51. h4 d2 52. Rg2 Kc1 53. Rxd2 Kxd2 54. h5 Ke3 55. h6 Kf4 56. h7 Kf5 57. h8=Q Kg6 58. Qe5 1-0

[Event "Late-Titled-Tuesday-Blitz-September-26-2023"]
[Site "Chess.com"]
[Date "2023.09.26"]
[Round "11"]
[White "LeninGuerra"]
[Black "RCone"]
[Result "1-0"]
[WhiteElo "2535"]
[BlackElo "2423"]
[TimeControl "180+1"]
[EndTime "16:01:13 PDT"]
[Termination "LeninGuerra won on time"]

1. e4 d6 2. d4 Nf6 3. Bd3 g6 4. Ne2 Bg7 5. O-O O-O 6. c3 e5 7. d5 c6 8. c4 cxd5 9. cxd5 Nbd7 10. Nbc3 Nc5 11. Bb1 a5 12. h3 Bd7 13. Be3 Rc8 14.
a3 a4 15. Bc2 Qa5 16. Rb1 b5 17. Bd2 Qa6 18. Ng3 Ne8 19. Na2 f5 20. Nb4 Qb6 21.
exf5 gxf5 22. Kh2 f4 23. Ne4 Nxe4 24. Bxe4 Nf6 25. Bc2 Rc5 26. Bc3 Rfc8 27. Qd3 Rc4 28. Rbe1 Qd8 29. Qf3 Qb6 30. Bd3 R4c7 31. g3 fxg3+ 32.
fxg3 Rf8 33. Qe2 Rc5 34. Rxf6 Rxf6 35. Nc6 Rxc6 36. dxc6 Bxc6 37. Rf1 Rxf1 38. Qxf1 Qe3 39. Qf5 e4 40. Qc8+ Kf7 41. Qc7+ Ke6 42. Qc8+ Ke7 43. Qc7+ Ke6 44. Qc8+ Ke7 45. Bxg7 Qf2+ 46. Kh1 Qe1+ 47. Kg2 Qd2+ 48. Kg1 Qe1+ 49. Bf1 1-0

[Event "Late-Titled-Tuesday-Blitz-September-26-2023"]
[Site "Chess.com"]
[Date "2023.09.26"]
[Round "11"]
[White "Verony64"]
[Black "cthake"]
[Result "0-1"]
[WhiteElo "2240"]
[BlackElo "1922"]
[TimeControl "180+1"]
[EndTime "16:01:13 PDT"]
[Termination "cthake won by resignation"]

1. d4 Nf6 2. c4 c5 3. d5 d6 4.
Nc3 g6 5. e4 Bg7 6. f4 O-O 7.
Nf3 e6 8. Be2 exd5 9. cxd5 Re8 10. e5 dxe5 11. fxe5 Ng4 12. Bg5 Qa5 13. O-O Nxe5 14.
d6 Bd7 15. Nd5 Nxf3+ 16. Bxf3 Na6 17. Ne7+ Kh8 18. Bxb7 Rab8 19. Bd5 f5 20. Bf7 Rf8 21. Nxg6+ hxg6 22. Bxg6 Bd4+ 23. Kh1 Kg7 24. Bh5 Rxb2 25.
Qf3 Nb8 26. Qg3 Rxg2 27. Kxg2 Bc6+ 28. Bf3 Bxf3+ 29. Qxf3 Nd7 30. Rae1 Ne5 31. Qh5 Qxa2+ 32. Re2 Qd5+ 33. Kh3 Rh8 34. Bf6+ Kxf6 35. Qxh8+ Ke6 36. Qg8+ Kxd6 37. Qxd5+ Kxd5 38. Rxf5 a5 39. Kg3 a4 40. Kf4 a3 41. Rfxe5+ Bxe5+ 42. Rxe5+ Kc4 43. Re1 Kb3 44. Ke4 c4 45. Kd4 c3 46. Re3 a2 47. Rxc3+ Kb2 48. Kd3 a1=Q 49. Rc2+ Kb3 50. Kd2 Qd4+ 51. Ke2 Qe4+ 52. Kd2 Qxc2+ 53. Ke3 Qxh2 0-1

[Event "Late-Titled-Tuesday-Blitz-September-26-2023"]
[Site "Chess.com"]
[Date "2023.09.26"]
[Round "11"]
[White "Journey_to_GrandMaster_YT"]
[Black "GothamChess"]
[Result "0-1"]
[WhiteElo "2593"]
[BlackElo "2707"]
[TimeControl "180+1"]
[EndTime "16:01:15 PDT"]
[Termination "GothamChess won on time"]

1. d4 f5 2. Nf3 Nf6 3. g3 b6 4. Bg2 Bb7 5. O-O e6 6. b3 a5 7. Bb2 a4 8. c4 a3 9. Bc3 Ne4 10. Be1 Be7 11. e3 O-O 12. Nfd2 d5 13. f3 Nf6 14.
Nc3 c5 15. dxc5 Bxc5 16. Qe2 d4 17. Na4 d3 18. Qf2 Bb4 19. Nb1 Bxe1 20. Rxe1 e5 21. e4 fxe4 22. fxe4 Rxa4 23. bxa4 Ng4 24. Qd2 Qd4+ 25.
Kh1 Qxa1 26. Nxa3 Qd4 27. Nb5 Qf2 28. Rd1 Qxd2 29. Rxd2 Na6 30. h3 Nf2+ 31. Kg1 Nxe4 32.
Rxd3 Nec5 33. Re3 Bxg2 34. Kxg2 e4 35. Nd6 Nb4 36. Nxe4 Nxe4 37. Rxe4 Nxa2 38. Re6 Rb8 39. Kf3 Nc3 40. Ke3 Nxa4 41. Kd4 Nc5 42. Rc6 Rd8+ 43. Kc3 h6 44. Rxb6 Na4+ 45. Kb4 Nxb6 46. Kb5 Nc8 47. c5 Rf8 48. c6 Rf3 0-1

[Event "Late-Titled-Tuesday-Blitz-September-26-2023"]
[Site "Chess.com"]
[Date "2023.09.26"]
[Round "11"]
[White "zajka-molotok"]
[Black "Berardino"]
[Result "1-0"]
[WhiteElo "2580"]
[BlackElo "2631"]
[TimeControl "180+1"]
[EndTime "16:01:15 PDT"]
[Termination "zajka-molotok won by resignation"]

1. e4 c5 2. Nf3 b6 3. d4 cxd4 4. Nxd4 Bb7 5. Nc3 Nf6 6. Bd3 Nc6 7. Be3 e6 8. O-O Bc5 9. Nxc6 Bxc6 10. Bxc5 bxc5 11.
e5 Nd5 12. Ne4 O-O 13. Nxc5 Qb8 14. Qh5 h6 15. Rae1 Qxb2 16. Qg4 f5 17. exf6 Nxf6 18.
Qg6 Qxa2 19. Re3 Qa5 20. Rg3 Rf7 21. Ne4 Nxe4 22. Bxe4 Bxe4 23. Qxe4 Raf8 24. Qg6 Qe5 25. h3 a5 26. Rg4 a4 27. Rxa4 Rxf2 28. Rxf2 Qe1+ 29.
Kh2 Qxf2 30. Rg4 Qf6 31. Qd3 Qe5+ 32. Rg3 d5 33. c4 d4 34. Kg1 Ra8 35. Rf3 Ra1+ 36.
Rf1 Rxf1+ 37. Kxf1 Qf5+ 38. Qxf5 exf5 39. Ke2 Kf7 40.
Kd3 Ke6 41. Kxd4 Kd6 42. c5+ Ke6 43. c6 f4 44. Ke4 g5 45. Kf3 Kd6 46. Kg4 Kxc6 47.
Kh5 Kd5 48. Kxh6 f3 49. gxf3 1-0

[Event "Late-Titled-Tuesday-Blitz-September-26-2023"]
[Site "Chess.com"]
[Date "2023.09.26"]
[Round "11"]
[White "Zhigalko_Sergei"]
[Black "MagnusCarlsen"]
[Result "0-1"]
[WhiteElo "2939"]
[BlackElo "3278"]
[TimeControl "180+1"]
[EndTime "16:01:17 PDT"]
[Termination "MagnusCarlsen won by checkmate"]

1. e4 c6 2. d4 d5 3. e5 Bf5 4. Nf3 e6 5. Be2 h6 6. O-O Ne7 7. Nbd2 Nd7 8. a4 a6 9. a5 Bh7 10. b4 Ng6 11. c3 Nf4 12. Nb3 Nxe2+ 13. Qxe2 Be7 14. Re1 O-O 15. Bf4 Qc7 16. Nc5 Rae8 17. Qd2 Kh8 18. h3 Rg8 19. Bg3 Nf8 20. Bh4 g5 21. Bg3 Ng6 22. Nh2 h5 23. f3 Nh4 24.
Bf2 Rg7 25. Re2 Reg8 26. Rae1 Ng6 27. Be3 Nf4 28. Bxf4 gxf4 29. Nd3 Bxd3 30. Qxd3 Bh4 31.
Rd1 Qd8 32. Kh1 Rg6 33. Nf1 Qg5 34. Rdd2 R8g7 35. Rc2 Kg8 36. Rcd2 Kf8 37. Rc2 Ke7 38. Rcd2 Kd7 39. Rc2 Rg8 40. Rcd2 Kc8 41. Rc2 Kb8 42. Rcd2 Ka8 43. Rc2 f6 44. exf6 Qxf6 45. Re5 Qg7 46. Qe2 Qh7 47. Rb2 Rxg2 48. Qxg2 Rxg2 49. Rxg2 Qd3 50. Kg1 Qxc3 51. Rxe6 Qxd4+ 52. Kh2 Qxb4 53. Rg8+ Ka7 54. Ree8 Qxa5 55. Re2 Qc3 56. Nd2 Be1 57. Nf1 Qxf3 58. Rxe1 Qf2+ 59. Rg2 Qxe1 60. Re2 Qxe2+ 61. Kg1 f3 62. Ng3 Qg2# 0-1